 Dungeon Crawl Stone Soup version 0.24.0-13-gcf9b319 (webtiles) character file.

Game seed: 16797766736481282545, levelgen mode: deterministic

602 Balder the Chopper (level 7, 0/48 HPs)
             Began as a Hill Orc Fighter on June 1, 2020.
             Was an Initiate of Dithmenos.
             Slain by a bone dragon (5 damage)
             ... on level 1 of the Abyss.
             The game lasted 00:22:34 (4995 turns).

Balder the Chopper (Hill Orc Fighter)               Turns: 4995, Time: 00:22:34

Health: 0/48       AC: 17    Str: 13 (15) XL:     7   Next: 41%
Magic:  6/6        EV:  9    Int:  4      God:    Dithmenos [......]
Gold:   262        SH:  9    Dex: 17      Spells: 6/6 levels left

rFire    + + .     SeeInvis .   a - +1 war axe
rCold    + . .     Gourm    .   c - +0 shield
rNeg     . . .     Faith    .   k - +1 chain mail
rPois    +         Spirit   .   h - +0 helmet
rElec    +         Reflect  .   d - +1 cloak {MR+}
rCorr    +         Harm     .   b - +1 pair of gloves
MR       +....     Rnd*Rage +   y - +0 pair of boots
Stlth    ..........             (no amulet)
HPRegen  0.16/turn              r - ring of poison resistance
MPRegen  0.10/turn              A - ring of protection from fire

@: agile, about to teleport, resistant
A: [berserk 2], [blurry vision 2], [deterioration 2], [dopey 2], [frail 2], [low
mp 2], [screaming 3], [weak 2]
a: Renounce Religion


You were on level 1 of the Abyss.
You worshipped Dithmenos.
Dithmenos was noncommittal.
You were not hungry.

You visited 2 branches of the dungeon, and saw 5 of its levels.
You visited the Abyss 1 time.

You collected 262 gold pieces.

Inventory:

Hand Weapons
 a - a +1 war axe (weapon)
 m - a +0 hunting sling
 o - a +1 quarterstaff of speed
 s - a +0 flail
 t - a +1 dagger of venom
 D - a +1 spear of freezing
 E - a +2 spear of piercing
Armour
 b - a +1 pair of gloves (worn)
 c - a +0 shield (worn)
 d - a +1 cloak of magic resistance (worn)
 h - a +0 helmet (worn)
 k - a +1 chain mail (worn)
 y - a +0 pair of boots (worn)
Jewellery
 r - a ring of poison resistance (left hand)
 A - a ring of protection from fire (right hand)
Wands
 w - a wand of flame (15)
Scrolls
 g - a scroll of magic mapping
 i - a scroll of blinking {unknown}
 j - a scroll of enchant armour
 n - a scroll of remove curse
 v - a scroll of random uselessness {unknown}
 F - a scroll of identify
 H - a scroll of teleportation
Potions
 e - a potion of degeneration {unknown}
 p - a potion of agility
 q - a potion of resistance
 x - a potion of berserk rage {unknown}
 z - a potion of brilliance {unknown}
 B - 2 potions of heal wounds
 C - a potion of lignification {unknown}
Comestibles
 f - 7 rations


   Skills:
 * Level 4.4 Fighting
 * Level 6.1(6.6) Axes
 * Level 2.7(4.3) Maces & Flails
 * Level 1.8 Throwing
 * Level 4.4 Armour
 + Level 0.5 Dodging
 + Level 1.3 Stealth
 * Level 4.6 Shields
 * Level 0.9 Invocations
 * Level 0.1 Evocations


You had 6 spell levels left.
You didn't know any spells.
Your spell library contained the following spells:

 Spells                   Type           Power        Failure   Level  Hunger
 Magic Dart               Conj           #...         100%        1    ##.....
 Searing Ray              Conj           #.....       100%        2    ###....
 Dazzling Spray           Conj/Hex       #.....       100%        3    ####...
 Force Lance              Conj/Tloc      #.......     100%        4    #####..
 Fulminant Prism          Conj/Hex       #.........   100%        4    #####..
 Iskenderun's Mystic Bla  Conj           #.......     100%        4    #####..


Dungeon Overview and Level Annotations

Branches:
Dungeon (4/15)             Temple (1/1) D:4

Altars:
Ashenzari
Dithmenos
Elyvilon
Fedhas
Gozag
Hepliaklqana
Kikubaaqudgha
Makhleb
Nemelex Xobeh
Okawaru
Qazlal
Ru
Trog
Uskayaw
Vehumet
Wu Jian
Xom
Yredelemnul
Zin
The Shining One

Shops:
D:4 (

Annotations:
D:4 1 runed translucent door, Duvessa; cdecastro's ghost, amateur DsAK


Innate Abilities, Weirdness & Mutations

[You often lose your temper in combat.]
[Scrolls take you longer to read.]
[Your body often deteriorates upon taking damage.]
[You are very dopey. (Int -4)]
[You are very frail. (-20% HP)]
[Your magical capacity is very low. (-20% MP)]
[You frequently scream uncontrollably at your foes.]
[You are very weak. (Str -4)]


Message History

The bone dragon completely misses you. The bone dragon claws you.
The bone dragon closely misses you.
As you read the scroll labeled QYG ID CELO, it crumbles to dust.
You feel strangely unstable.
You feel the power of the Abyss delaying your translocation!
It was a scroll of teleportation.
You hit the bone dragon but do no damage.
The bone dragon is lightly damaged.
The wretched star pulses with an eldritch light!
You feel frail. x2
The bone dragon bites you!
* * * LOW HITPOINT WARNING * * *
Your body deteriorates!
You feel weakened.
The bone dragon claws you but does no damage.
The bone dragon tramples you but does no damage.
You hit the bone dragon.
The bone dragon is lightly damaged.
The bone dragon bites you but does no damage.
The bone dragon claws you.
You die...

## .. ###
..##@# ###
.#D#
#.#...*# #
#. ##.#! #
##
#..........#
##...... ..#
#...........
#..#.....
...# .
#...#.. #..


You could see a bone dragon and a wretched star.

Vanquished Creatures
  A scorpion (D:4)
  Dowan (D:4)
  2 orc wizards (D:4)
  Crazy Yiuf (D:3)
  An orc priest (D:3)
  3 iguanas (D:4)
  2 worker ants (D:4)
  11 gnolls
  7 adders
  An ooze (D:3)
  5 worms
  A dart slug (D:1)
  3 leopard geckos (D:4)
  6 orcs
  7 bats
  5 giant cockroaches
  4 goblins
  6 hobgoblins
  2 jackals (D:1)
  4 kobolds
  2 quokkas
  A ball python (D:2)
  4 frilled lizards
  2 rats (D:3)
  A fungus (D:3)
83 creatures vanquished.

Notes
Turn   | Place    | Note
-------+----------+-------------------------------------------
     0 | D:1      | Balder the Hill Orc Fighter began the quest for the Orb.
     0 | D:1      | Reached XP level 1. HP: 19/19 MP: 1/1
   234 | D:1      | Reached XP level 2. HP: 27/27 MP: 2/2
   508 | D:1      | Reached skill level 3 in Axes
  1157 | D:2      | Reached XP level 3. HP: 33/33 MP: 3/3
  1428 | D:2      | Found a faded altar of an unknown god.
  1839 | D:2      | Reached XP level 4. HP: 40/40 MP: 4/4
  2410 | D:3      | Reached skill level 4 in Axes
  2467 | D:3      | Reached skill level 1 in Throwing
  2470 | D:3      | Reached XP level 5. HP: 45/46 MP: 5/5
  2821 | D:3      | Found a stormy altar of Qazlal.
  2974 | D:3      | Found a glowing golden altar of the Shining One.
  3142 | D:3      | Found a runed translucent door.
  3143 | D:3      | Noticed Crazy Yiuf
  3151 | D:3      | Killed Crazy Yiuf
  3212 | D:4      | Reached skill level 1 in Stealth
  3212 | D:4      | Reached XP level 6. HP: 46/52 MP: 6/6
  3352 | D:4      | Reached skill level 5 in Axes
  3357 | D:4      | Reached skill level 1 in Maces & Flails
  3581 | D:4      | Noticed Duvessa
  3631 | D:4      | Reached XP level 7. HP: 20/60 MP: 7/7
  3898 | D:4      | Found Rattud's Weapon Shop.
  3907 | D:4      | Noticed Dowan
  3937 | D:4      | Killed Dowan
  3937 | D:4      | Reached skill level 6 in Axes
  4079 | D:4      | Found a staircase to the Ecumenical Temple.
  4111 | Temple   | Entered the Ecumenical Temple
  4392 | Temple   | Became a worshipper of Dithmenos the Shadowed
  4559 | D:4      | Found a runed translucent door.
  4559 | D:4      | Noticed cdecastro's ghost (amateur DsAK)
  4655 | D:4      | Found an iron altar of Okawaru.
  4827 | D:4      | Cast into level 1 of the Abyss (Duvessa)
  4879 | Abyss:1  | Noticed a spatial maelstrom
  4903 | Abyss:1  | Found a corrupted altar of Lugonu.
  4975 | Abyss:1  | Noticed a bone dragon
  4975 | Abyss:1  | Noticed a wretched star
  4976 | Abyss:1  | Found a corrupted altar of Lugonu.
  4995 | Abyss:1  | Slain by a bone dragon

Levels and vault maps discovered:
D:1:      dpeg_arrival_central, layout_loops_ring, st_stairs_8,
          minmay_misc_feat_pillars, minmay_misc_feat_tower
D:2:      layout_basic, chequers_ecumenical_altar_simple_redux, first_ration,
          minmay_between
D:3:      wander_river, layout_loops_corners, lemuel_coloured_pillars_altar,
          overflow_temple_1_default, minivault_4, skrybe_limestone_x,
          uniq_crazy_yiuf_cottage
D:4:      layout_rooms, minmay_temple_entry_offerings, serial_shops, shop,
          gammafunk_ghost_grave, okawaru_trees_2, uniq_duvessa
Temple:   dpeg_five_rooms_temple
Abyss:1

Skill      XL: |  1  2  3  4  5  6  7 |
---------------+----------------------+-----
Axes           | 3 4 5 6 |  6.1
Fighting       | 4 |  4.4
Shields        | 4 |  4.6
Throwing       | 1 |  1.8
Armour         | 4 |  4.4
Stealth        | 1 |  1.3
Maces & Flails | 2 |  2.7
Dodging        | |  0.5
Invocations    | |  0.9
Evocations     | |  0.1

Action                   |  1- 3 |  4- 6 |  7- 9 || total
-------------------------+-------+-------+-------++-------
Melee: War axe           |   122 |   155 |    95 ||   372
Throw: Throwing net      |       |       |     2 ||     2
Evoke: Wand              |       |     4 |     3 ||     7
  Use: Scroll            |       |     1 |     9 ||    10
       Potion            |       |     2 |     2 ||     4
  Eat: Chunk             |     3 |     4 |     3 ||    10
       Ration            |       |     1 |       ||     1
Armor: Scale mail        |    17 |       |       ||    17
       Chain mail        |    57 |    78 |    67 ||   202
Dodge: Dodged            |    30 |    42 |    26 ||    98
Block: Shield            |    57 |    81 |    58 ||   196
